 Dungeon Crawl Stone Soup version 0.26-a0-651-gb41185065b (webtiles) character file.

Game seed: 15716389124296272629

247 lunkers the Ruffian (level 5, -4/40 HPs)
             Began as a Draconian Transmuter on Sept 28, 2020.
             Slain by an ogre
             ... wielding a +0 giant club
              (26 damage)
             ... on level 3 of the Dungeon.
             The game lasted 00:05:17 (3733 turns).

lunkers the Ruffian (Draconian Transmuter)          Turns: 3733, Time: 00:05:18

Health: -4/40      AC:  5    Str: 13    XL:     5   Next: 85%
Magic:  3/8        EV: 12    Int: 13    God:
Gold:   180        SH:  0    Dex: 12    Spells: 2/8 levels left

rFire    . . .     SeeInvis .     - Unarmed
rCold    . . .     Faith    .   (no shield)
rNeg     . . .     Spirit   .   (armour unavailable)
rPois    .         Reflect  .   (helmet restricted)
rElec    .         Harm     .   (no cloak)
rCorr    .         Rampage  .   (no gloves)
MR       .....                  (no boots)
Stlth    +.........             (no amulet)
HPRegen  0.13/turn              (no ring)
MPRegen  0.11/turn              (no ring)

@: very slightly contaminated
A: unfitting armour, cold-blooded, AC +5
a: no special abilities


You were on level 3 of the Dungeon.
You visited 1 branch of the dungeon, and saw 3 of its levels.

You collected 180 gold pieces.

Inventory:

Missiles
 d - 24 poisoned darts (quivered)
Jewellery
 e - a +6 ring of strength {unknown}
Wands
 k - a wand of iceblast (4)
Scrolls
 c - 3 scrolls of identify {unknown}
 f - a scroll of noise {unknown}
 h - 2 scrolls of enchant weapon {unknown}
 i - 3 scrolls of teleportation {unknown}
 l - a scroll of fear {unknown}
Potions
 a - 3 potions of curing {unknown}
 b - 2 potions of heal wounds {unknown}
 g - 2 potions of might
 j - 2 potions of brilliance {unknown}


   Skills:
 - Level 1.1 Fighting
 - Level 1.7 Dodging
 + Level 5.1 Unarmed Combat
 - Level 2.0 Spellcasting
 + Level 4.5 Transmutations


You had 2 spell levels left.
You knew the following spells:

 Your Spells              Type           Power        Failure   Level
b - Wereblood             Tmut           ##......     6%          2
c - Spider Form           Tmut/Pois      #.........   30%         3
p - Beastly Appendage     Tmut           ##....       4%          1

Your spell library contained the following spells:

 Spells                   Type           Power        Failure   Level
 Ice Form                 Ice/Tmut       #.......     69%         4
 Blade Hands              Tmut           ##........   73%         5


Dungeon Overview and Level Annotations

Branches:
Dungeon (3/15)

Altars:
Yredelemnul


Innate Abilities, Weirdness & Mutations

Your plain brown scales are hard. (AC +5)
You cannot fit into any form of body armour.
You are cold-blooded and may be slowed by cold attacks.


Message History

You kill the goblin!
You barely miss the goblin. The goblin barely misses you.
You punch the goblin!
You kill the goblin!
You punch the goblin!
You kill the goblin!
The goblin hits you but does no damage. The ogre barely misses you.
Things that are here:
a +0 vampiric dagger; a goblin corpse; a goblin corpse You barely miss the ogre.
The goblin hits you. The ogre hits you with a +0 giant club!
You barely miss the ogre. The goblin hits you but does no damage.
The ogre completely misses you.
You hit the ogre but do no damage. The goblin closely misses you.
You hit the ogre.
The ogre is moderately wounded.
The goblin closely misses you.
The ogre hits you with a +0 giant club!!
Ouch! That really hurt!
You die...

#.###.#...............##
#.#
#.#.##########.....##
..# #.#.#
#.............#
#.###.#)#
#.######.....##
......#.# #.# ##....#
..#####.###.## ##.#.#
#.# #......# #.#.#
#.#########..#######.#.#
#...............@g##.#.#
#.#########..####O##.#.#
#.# #..###.g##.#.#
#.#########...##'##....#
#.............#Ogg##.###
#####..#####.##gg.##.#
#.....#####...##.#
##.##.##########.#
#.##.#..........#


You could see an ogre and 2 goblins.

Vanquished Creatures
  A bullfrog (D:3)
  Jessica (D:2)
  Robin (D:2)
  A gnoll (D:1)
  5 adders
  A worm (D:3)
  A dart slug (D:2)
  A leopard gecko (D:1)
  2 orcs (D:3)
  2 ball pythons
  3 giant cockroaches
  17 goblins
  5 hobgoblins
  11 jackals
  A quokka (D:3)
  8 bats
  A frilled lizard (D:1)
  2 gnoll zombies (D:3)
  5 kobolds
  8 rats
77 creatures vanquished.

Notes
Turn   | Place    | Note
-------+----------+-------------------------------------------
     0 | D:1      | lunkers the Draconian Transmuter began the quest for the
                  | Orb.
     0 | D:1      | Reached XP level 1. HP: 16/16 MP: 3/3
   264 | D:1      | Reached XP level 2. HP: 16/23 MP: 3/5
   740 | D:1      | Reached XP level 3. HP: 28/28 MP: 4/6
   787 | D:1      | Learned a level 2 spell: Wereblood
   791 | D:1      | Learned a level 3 spell: Spider Form
  1286 | D:2      | Reached skill level 4 in Unarmed Combat
  1425 | D:2      | Noticed Robin
  1437 | D:2      | Reached XP level 4. HP: 35/35 MP: 3/7
  1443 | D:2      | Killed Robin
  1612 | D:2      | Noticed Jessica
  1618 | D:2      | Killed Jessica
  2511 | D:3      | Noticed a bullfrog
  2517 | D:3      | Killed a bullfrog
  2517 | D:3      | Reached XP level 5. HP: 40/40 MP: 4/8
  2724 | D:3      | Found a faded altar of an unknown god.
  2739 | D:3      | Reached skill level 5 in Unarmed Combat
  3172 | D:3      | Found a basalt altar of Yredelemnul.
  3717 | D:3      | Noticed an ogre
  3733 | D:3      | Slain by an ogre

Illustrated notes

Levels and vault maps discovered:
D:1:      nicolae_arrival_washed_ashore, layout_basic
D:2:      layout_basic, nrook_loot_triangle, uniq_jessica, uniq_robin
D:3:      layout_loops_ring, lemuel_zombie_altar_yredelemnul,
          chequers_ecumenical_altar_simple, minmay_ogre_servants

Skill      XL: |  1  2  3  4  5 |
---------------+----------------+-----
Transmutations | 3 4 |  4.5
Unarmed Combat | 4 5 |  5.1
Fighting       | |  1.1
Dodging        | |  1.7
Spellcasting   | |  2.0

Action                   |  1- 3 |  4- 6 || total
-------------------------+-------+-------++-------
Melee: Unarmed           |    92 |   112 ||   204
       Kick              |    14 |       ||    14
       Tailslap          |     5 |     7 ||    12
       Headbutt          |     3 |       ||     3
       Punch             |     1 |       ||     1
 Cast: Beastly Appendage |    20 |       ||    20
       Spider Form       |     1 |    15 ||    16
Armor: Skin              |    30 |    29 ||    59
Dodge: Dodged            |    57 |    68 ||   125

Table legend: (Time is in decaauts)
 A = Elapsed time spent in this place.
 B = Non-inter-level travel time spent in this place.
 C = Inter-level travel time spent in this place.
 D = Time resting spent in this place.
 E = Time spent auto-exploring this place.
 F = Levels seen in this place.
 G = Mean time per level.
                   A        B        C        D        E       F      G
               +--------+--------+--------+--------+--------+-----+--------+
         Total |   3716 |   3669 |     47 |      0 |   3206 |   3 | 1238.7 |
       Dungeon |   3716 |   3669 |     47 |      0 |   3206 |   3 | 1238.7 |
               +--------+--------+--------+--------+--------+-----+--------+

Top non-repeatable levels by time:
     D:3: 1327 daAuts
     D:2: 1259 daAuts
     D:1: 1130 daAuts
